cohdb
Replays
Latest Replays
All Replays
Popular Replays
Top Player Replays
Match Explorer
How It Works
Community
CoH3 Stats
Reddit
Sign in to upload your games and track your stats! →
Sign in with Steam
Match 26967724
Unlisted
Match 26967724
Overview
Messages
Build Orders
End
Construct Barracks
Selects Airborne Battlegroup
Selects Heavy Machine Gun Paradrop
Riflemen Squad
M1 Mortar Team
Heavy Machine Gun Paradrop
Riflemen Squad
Selects Paratrooper Squad Paradrop
Paratrooper Squad Paradrop
Selects Recon Loiter
Mechanized Support Center
Construct Medical Station
Heavy Machine Gun Paradrop
Construct Weapon Support Center
Bazooka Squad
Improved M9 Bazooka Rockets
Selects Anti-tank Gun Team Paradrop
Grenade Package
neurotypical cattle
Actual Goblin
BernieSandwiches
[DOOM INTENSIFIES]
Jun Beg
Maggot
Two finger
redtomato1372
0
0
Comments
sign in to comment!
No comments posted yet!